 Dungeon Crawl Stone Soup version 0.30-a0-358-g0d69a1922f (webtiles) character file.

Game seed: 2880162829484851711

55 Bnni the Shield-Bearer (level 4, 0/37 HPs)
             Began as a Formicid Fighter on Nov 8, 2022.
             Slain by a gnoll
             ... wielding a +4 halberd
              (5 damage)
             ... on level 4 of the Dungeon.
             The game lasted 00:02:06 (828 turns).

Bnni the Shield-Bearer (Formicid Fighter)            Turns: 828, Time: 00:02:06

Health: 0/37       AC:  6    Str: 22    XL:     4   Next: 14%
Magic:  4/4        EV:  9    Int:  8    God:
Gold:   75         SH:  5    Dex: 13    Spells: 3/3 levels left

rFire   . . .      SeeInvis +    a - +0 war axe
rCold   . . .      Faith    .    c - +0 buckler
rNeg    . . .      Spirit   .    b - +0 scale mail
rPois   .          Reflect  .    (helmet unavailable)
rElec   .          Harm     .    (no cloak)
rCorr   .          Rampage  .    (no gloves)
Will    .....                    (no boots)
Stlth   ..........               (no amulet)
HPRegen 0.26/turn                (no ring)
MPRegen 0.09/turn                (no ring)

@: mighty
A: permanent stasis, dig shafts and tunnels, antennae 3, four strong arms
a: Dig, Shaft Self


You were on level 4 of the Dungeon.
You visited 1 branch of the dungeon, and saw 3 of its levels.

You collected 75 gold pieces.

Inventory:

Hand Weapons
 a - a +0 war axe (weapon)
Armour
 b - a +0 scale mail (worn)
 c - a +0 buckler (worn)
Scrolls
 f - a scroll of silence {unknown}
 i - a scroll of teleportation {unknown}
 j - 2 scrolls of identify {unknown}
Potions
 e - 2 potions of lignification {unknown}
 g - 2 potions of curing {unknown}
 h - a potion of magic {unknown}
 k - a potion of degeneration {unknown}


   Skills:
 + Level 3.7 Fighting
 * Level 3.1 Axes
 - Level 3.2 Armour
 - Level 5.0 Shields


You had 3 spell levels left.
You didn't know any spells.
Your spell library contained the following spells:

 Spells                   Type           Power      Damage    Failure   Level
 Necrotise                Necr           0%         1d4       80%         1
 Vampiric Draining        Necr           0%         2d6       99%         3
 Agony                    Necr           0%         N/A       100%        5


Dungeon Overview and Level Annotations

Branches:
Dungeon (4/15)
 Temple: D:4-7

Altars:
Dithmenos

Shops:
D:1 *


Innate Abilities, Weirdness & Mutations

You cannot be hasted, slowed, berserked, paralysed or teleported.
You can dig through walls and to a lower floor.
You have a pair of large antennae on your head. (SInv)
Your four strong arms can wield two-handed weapons with a shield.


Message History

Training target 5.0 for Shields reached!
Your Axes skill increases to level 3!
Your Shields skill increases to level 5!
You have reached level 4!
You feel clever.
You sense a monster nearby.
No target in view!
Found a flail.
You hear the slow rusting of a very distant drain.
No target in view!
No target in view!
You sense a monster nearby.
No target in view!
No target in view!
A hound and 2 gnolls come into view.
The gnoll shouts! x2
You miss the hound. The hound barely misses you.
The hound bites you but does no damage.
You barely miss the hound. You block the hound's attack.
The gnoll hits you from afar with a +4 halberd!
The hound bites you. You block the gnoll's attack.
You are too injured to fight recklessly!
Unknown command.
Okay, then.
You feel very mighty all of a sudden. You block the hound's attack.
The hound bites you but does no damage.
You slash the hound!
The hound is heavily wounded.
The hound bites you. You block the gnoll's attack. The hound barely misses you.
You closely miss the hound.
The hound is heavily wounded.
The hound closely misses you.
The gnoll hits you from afar with a +4 halberd!
* * * LOW HITPOINT WARNING * * *
You block the hound's attack.
You barely miss the hound.
The hound is heavily wounded.
The hound barely misses you.
The gnoll hits you from afar with a +4 halberd.
You die...

# #. #.# #....... #. #.
#.# #.....
#.###.#######.# #.#.#.
...........#.# #.#.#.
....#####.#.#####.#.#.
#..#.............#.##
#####..#####.#.#####.#.#
.....ggh...............#
.......#@###########.###
...)..g#.# #.#
......g#.# ###.##
...{...#.# #....#
.##+##.#.# #....# #.#.#
#....# { #...# #....#
#.# ######


You could see a hound and 2 gnolls.

Vanquished Creatures
  2 adders
  A dart slug (D:1)
  2 ball pythons (D:1)
  6 endoplasms
  A giant cockroach (D:1)
  2 hobgoblins (D:1)
  2 kobolds (D:1)
  3 quokkas (D:1)
  6 bats
  4 frilled lizards (D:1)
  2 goblins (D:1)
  2 rats (D:1)
33 creatures vanquished.

Notes
Turn   | Place    | Note
-------+----------+-------------------------------------------
     0 | D:1      | Bnni the Formicid Fighter began the quest for the Orb.
     0 | D:1      | Reached XP level 1. HP: 18/18 MP: 1/1
   170 | D:1      | Reached XP level 2. HP: 24/24 MP: 2/2
   275 | D:1      | Reached XP level 3. HP: 27/29 MP: 3/3
   288 | D:1      | Found Zont's General Store.
   768 | D:2      | You fall into a shaft and drop 2 floors!
   768 | D:4      | Found a shadowy altar of Dithmenos.
   797 | D:4      | Reached skill level 5 in Shields
   797 | D:4      | Reached XP level 4. HP: 37/37 MP: 4/4
   828 | D:4      | Slain by a gnoll

Illustrated notes

Levels and vault maps discovered:
D:1:      dpeg_arrival_central, layout_basic, serial_shops,
          nicolae_shop_advertising_works [nicolae_subvault_shop_adworks]
D:2:      layout_basic
D:4:      layout_basic, general_overflow_altar, gup_sewer_entry_bowl,
          dreamdust_gnoll_farm

Skill      XL: |  1  2  3 |
---------------+----------+-----
Axes           | 3 |  3.1
Shields        | 5 |  5.0
Fighting       | |  3.7
Armour         | |  3.2

Action                   |  1- 3 |  4- 6 || total
-------------------------+-------+-------++-------
Melee: War axe           |    82 |     5 ||    87
  Use: Potion            |       |     1 ||     1
Armor: Scale mail        |    50 |     2 ||    52
Dodge: Dodged            |    36 |     4 ||    40
Block: Buckler           |    22 |     5 ||    27

Table legend: (Time is in decaauts)
 A = Elapsed time spent in this place.
 B = Non-inter-level travel time spent in this place.
 C = Inter-level travel time spent in this place.
 D = Time resting spent in this place.
 E = Time spent auto-exploring this place.
 F = Levels seen in this place.
 G = Mean time per level.
                   A        B        C        D        E       F      G
               +--------+--------+--------+--------+--------+-----+--------+
         Total |    861 |    820 |     41 |      0 |    549 |   3 |  287.0 |
       Dungeon |    861 |    820 |     41 |      0 |    549 |   3 |  287.0 |
               +--------+--------+--------+--------+--------+-----+--------+

Top non-repeatable levels by time:
     D:1: 734 daAuts
     D:2: 65 daAuts
     D:4: 61 daAuts
